| TOP OF THE 1ST |
|
Everett AquaSox batting - Pitching for Mahoning Valley Scrappers : LHP Angel Contreras
|
|
Pitching: LHP Angel Contreras
|
|
|
Batting: RHB Tomokazu Sugimoto
|
0-0: Ball 1-0: Ball 2-0: SINGLE (Groundball, 6MD, EV 101.9 MPH)
|
|
Batting: RHB John Vasquez
|
0-0: Ball 1-0: Called Strike Tomokazu Sugimoto steals 2nd base (no throw) 1-1: Ball 2-1: Reached via error on a dropped throw from 3B, E3 (Groundball, 56, EV 90.6 MPH) Tomokazu Sugimoto to third
|
|
Batting: RHB Antonio Oyola
|
0-0: Foul Ball, location: 2F 0-1: Foul Ball, location: 2F 0-2: Ball 1-2: Ball 2-2: Foul Ball, location: 2F 2-2: Grounds into double play, 6-4-3 (Groundball, 6, EV 77.5 MPH) Tomokazu Sugimoto scores
|
|
Batting: RHB Ivan Davila
|
0-0: Ball 1-0: Ground out 6-3 (Groundball, 6, EV 83.8 MPH)
|
| Top of the 1st over - 1 run, 1 hit, 1 error, 0 left on base; Everett 1 - Mahoning Valley 0 |
| BOTTOM OF THE 1ST |
|
Mahoning Valley Scrappers batting - Pitching for Everett AquaSox : LHP Adam Schmidt
|
|
Pitching: LHP Adam Schmidt
|
|
|
Batting: RHB Andy Lewis
|
0-0: Ball 1-0: Ground out 4-3 (Groundball, 34, EV 100.6 MPH)
|
|
Batting: RHB Reynaldo Herrera
|
0-0: Ball 1-0: TRIPLE (Line Drive, 8RXD, EV 103.1 MPH)
|
|
Batting: LHB Matt Steinke
|
0-0: Ball 1-0: Foul Ball, location: 2F 1-1: Foul Ball, location: 2F 1-2: SINGLE (Groundball, 4MD, EV 105.6 MPH) Reynaldo Herrera scores
|
|
Batting: RHB Kevin Wiles
|
0-0: Ball 1-0: Foul Ball, location: 2F 1-1: Swinging Strike 1-2: Ball 2-2: Ball 3-2: Base on Balls Matt Steinke to second
|
|
Batting: RHB Harris Leroux
|
0-0: Foul Ball, location: 2F 0-1: Ball 1-1: Swinging Strike 1-2: Ball 2-2: Foul Ball, location: 2F 2-2: Strikes out swinging
|
|
Batting: RHB Jose Argueta
|
0-0: Ball 1-0: Swinging Strike 1-1: Ball 2-1: SINGLE (Groundball, 56D, EV 108.1 MPH) Matt Steinke to third Kevin Wiles to second Runner from 3rd tries for Home, throw by LF and OUT! 7-2
|
| Bottom of the 1st over - 1 run, 3 hits, 0 errors, 2 left on base; Everett 1 - Mahoning Valley 1 |
| TOP OF THE 2ND |
|
Everett AquaSox batting - Pitching for Mahoning Valley Scrappers : LHP Angel Contreras
|
|
Batting: RHB Bryan Alfaro
|
0-0: Called Strike 0-1: Ball 1-1: Foul Ball, location: 2F 1-2: Strikes out swinging
|
|
Batting: SHB Raghnall Ahearne
|
0-0: Ball 1-0: Foul Ball, location: 2F 1-1: Ball 2-1: Ball 3-1: Foul Ball, location: 2F 3-2: SOLO HOME RUN (Flyball, 7D, EV 108.8 MPH), Distance : 416 ft
|
|
Batting: RHB Sal Cervantes
|
0-0: Called Strike 0-1: Ball 1-1: SINGLE (Line Drive, 4M, EV 98.8 MPH)
|
|
Batting: RHB Ching-hsia Zhang
|
0-0: Ball Sal Cervantes steals 2nd base 1-0: Ball 2-0: Ball 3-0: Called Strike 3-1: Foul Ball, location: 2F 3-2: Ground out U3 (Groundball, 34S, EV 88.1 MPH) Sal Cervantes to third
|
|
Batting: RHB Egidius Kruger
|
0-0: Called Strike 0-1: Foul Ball, location: 2F 0-2: Ball Wild Pitch! Sal Cervantes scores 1-2: Strikes out looking
|
| Top of the 2nd over - 2 runs, 2 hits, 0 errors, 0 left on base; Everett 3 - Mahoning Valley 1 |
| BOTTOM OF THE 2ND |
|
Mahoning Valley Scrappers batting - Pitching for Everett AquaSox : LHP Adam Schmidt
|
|
Batting: LHB Brandon Hopper
|
0-0: Ground out 4-3 (Groundball, 34D, EV 82.5 MPH)
|
|
Batting: LHB Rich Walker
|
0-0: Ball 1-0: Swinging Strike 1-1: Ball 2-1: Ball 3-1: Foul Ball, location: 2F 3-2: Foul Ball, location: 2F 3-2: Foul Ball, location: 2F 3-2: Base on Balls
|
|
Batting: RHB Jaquan Brown
|
0-0: Called Strike 0-1: Foul Ball, location: 2F 0-2: Ball 1-2: Ball 2-2: Ball 3-2: DOUBLE (Line Drive, 9LM, EV 110.6 MPH) Rich Walker to third Runner from 3rd tries for Home, throw by RF and OUT! 9-4-2
|
|
Batting: RHB Andy Lewis
|
0-0: Swinging Strike 0-1: Ball 1-1: Ball 2-1: Ground out 4-3 (Groundball, 4M, EV 88.1 MPH)
|
| Bottom of the 2nd over - 0 runs, 1 hit, 0 errors, 1 left on base; Everett 3 - Mahoning Valley 1 |
| TOP OF THE 3RD |
|
Everett AquaSox batting - Pitching for Mahoning Valley Scrappers : LHP Angel Contreras
|
|
Batting: RHB Tomokazu Sugimoto
|
0-0: SINGLE (Groundball, 34D, EV 105.0 MPH)
|
|
Batting: RHB John Vasquez
|
0-0: Called Strike 0-1: Fielders Choice at 2nd, 6-4 (Groundball, 6M, EV 97.5 MPH)
|
|
Batting: RHB Antonio Oyola
|
0-0: Called Strike John Vasquez steals 2nd base 0-1: Ball 1-1: Foul Ball, location: 2F 1-2: DOUBLE (Groundball, 5L, EV 103.8 MPH) John Vasquez scores
|
|
Batting: RHB Ivan Davila
|
0-0: Ball 1-0: Ball 2-0: Foul Ball, location: 2F 2-1: Swinging Strike 2-2: Ball 3-2: Foul Ball, location: 2F 3-2: Ground out 6-3 (Groundball, 6, EV 80.0 MPH) Antonio Oyola to third
|
|
Batting: RHB Bryan Alfaro
|
0-0: Ball 1-0: Ground out 6-3 (Groundball, 6, EV 79.4 MPH)
|
| Top of the 3rd over - 1 run, 2 hits, 0 errors, 1 left on base; Everett 4 - Mahoning Valley 1 |
| BOTTOM OF THE 3RD |
|
Mahoning Valley Scrappers batting - Pitching for Everett AquaSox : LHP Adam Schmidt
|
|
Batting: RHB Reynaldo Herrera
|
0-0: Ground out 6-3 (Groundball, 6MS, EV 83.1 MPH)
|
|
Batting: LHB Matt Steinke
|
0-0: Ground out 1-3 (Groundball, 34S, EV 76.9 MPH)
|
|
Batting: RHB Kevin Wiles
|
0-0: Foul Ball, location: 2F 0-1: Swinging Strike 0-2: Ball 1-2: Ball 2-2: Ground out 5-3 (Groundball, 56S, EV 88.1 MPH)
|
| Bottom of the 3rd over - 0 runs, 0 hits, 0 errors, 0 left on base; Everett 4 - Mahoning Valley 1 |
| TOP OF THE 4TH |
|
Everett AquaSox batting - Pitching for Mahoning Valley Scrappers : LHP Angel Contreras
|
|
Batting: SHB Raghnall Ahearne
|
0-0: Swinging Strike 0-1: Ball 1-1: Swinging Strike 1-2: Ball 2-2: Strikes out swinging
|
|
Batting: RHB Sal Cervantes
|
0-0: Called Strike 0-1: Called Strike 0-2: Foul Ball, location: 2F 0-2: Strikes out swinging
|
|
Batting: RHB Ching-hsia Zhang
|
0-0: Swinging Strike 0-1: Called Strike 0-2: Ball 1-2: Foul Ball, location: 2F 1-2: Ball 2-2: Foul Ball, location: 2F 2-2: Ground out 6-3 (Groundball, 6S, EV 85.6 MPH)
|
| Top of the 4th over - 0 runs, 0 hits, 0 errors, 0 left on base; Everett 4 - Mahoning Valley 1 |
| BOTTOM OF THE 4TH |
|
Mahoning Valley Scrappers batting - Pitching for Everett AquaSox : LHP Adam Schmidt
|
|
Batting: RHB Harris Leroux
|
0-0: Ball 1-0: Ball 2-0: Called Strike 2-1: Swinging Strike 2-2: Foul Ball, location: 2F 2-2: Fly out, F9 (Flyball, 9D, EV 93.1 MPH)
|
|
Batting: RHB Jose Argueta
|
0-0: Foul Ball, location: 2F 0-1: Foul Ball, location: 2F 0-2: Foul Ball, location: 2F 0-2: Ball 1-2: Ball 2-2: DOUBLE (Line Drive, 89D, EV 101.9 MPH)
|
|
Batting: LHB Brandon Hopper
|
0-0: Ball 1-0: Ball 2-0: Ball 3-0: Called Strike 3-1: Swinging Strike 3-2: Foul Ball, location: 2F 3-2: Base on Balls
|
|
Batting: LHB Rich Walker
|
0-0: Foul Ball, location: 2F 0-1: Grounds into double play, 4-6-3 (Groundball, 13, EV 93.8 MPH)
|
| Bottom of the 4th over - 0 runs, 1 hit, 0 errors, 1 left on base; Everett 4 - Mahoning Valley 1 |
| TOP OF THE 5TH |
|
Everett AquaSox batting - Pitching for Mahoning Valley Scrappers : LHP Angel Contreras
|
|
Batting: RHB Egidius Kruger
|
0-0: Called Strike 0-1: Ball 1-1: Ball 2-1: Swinging Strike 2-2: Ball 3-2: Foul Ball, location: 2F 3-2: Strikes out looking
|
|
Batting: RHB Tomokazu Sugimoto
|
0-0: Ball 1-0: Foul Ball, location: 2F 1-1: DOUBLE (Line Drive, 8RD, EV 107.5 MPH)
|
|
Batting: RHB John Vasquez
|
0-0: Ball Tomokazu Sugimoto steals 3rd base 1-0: Foul Ball, location: 2F 1-1: Ball 2-1: SINGLE (Groundball, 4S, EV 67.5 MPH) (infield hit) Tomokazu Sugimoto scores
|
|
Pitching: LHP Oscar Moreno
|
|
|
Batting: RHB Antonio Oyola
|
0-0: Ball 1-0: Called Strike John Vasquez steals 2nd base 1-1: Ball 2-1: Swinging Strike 2-2: Ball 3-2: Ground out 1-3 (Groundball, 13S, EV 66.9 MPH) John Vasquez to third
|
|
Batting: RHB Ivan Davila
|
0-0: Ball 1-0: Ball 2-0: Ball 3-0: Called Strike 3-1: Base on Balls
|
|
Batting: RHB Bryan Alfaro
|
0-0: Ball 1-0: Called Strike 1-1: Foul Ball, location: 2F 1-2: Strikes out swinging
|
| Top of the 5th over - 1 run, 2 hits, 0 errors, 2 left on base; Everett 5 - Mahoning Valley 1 |
| BOTTOM OF THE 5TH |
|
Mahoning Valley Scrappers batting - Pitching for Everett AquaSox : LHP Adam Schmidt
|
|
Batting: RHB Jaquan Brown
|
0-0: Foul Ball, location: 2F 0-1: Ball 1-1: Ball 2-1: Ball 3-1: Foul Ball, location: 2F 3-2: Ground out 5-3 (Groundball, 15, EV 84.4 MPH)
|
|
Batting: RHB Andy Lewis
|
0-0: Ball 1-0: Called Strike 1-1: Ball 2-1: Ball 3-1: Ground out 6-3 (Groundball, 56, EV 105.6 MPH)
|
|
Pitching: RHP Jose Acevedo
|
|
|
Pinch Hitting: LHB Vinny Carreno
|
0-0: Called Strike 0-1: Ball 1-1: Ball 2-1: Ball 3-1: Foul Ball, location: 2F 3-2: Base on Balls
|
|
Batting: LHB Matt Steinke
|
0-0: Ball 1-0: Called Strike 1-1: Ground out 4-3 (Groundball, 4, EV 90.0 MPH)
|
| Bottom of the 5th over - 0 runs, 0 hits, 0 errors, 1 left on base; Everett 5 - Mahoning Valley 1 |
| TOP OF THE 6TH |
|
Everett AquaSox batting - Pitching for Mahoning Valley Scrappers : LHP Oscar Moreno
|
|
Now at 3B: Dave Key
|
|
|
Batting: SHB Raghnall Ahearne
|
0-0: Foul Ball, location: 2F 0-1: Called Strike 0-2: Strikes out swinging
|
|
Batting: RHB Sal Cervantes
|
0-0: Ball 1-0: Foul Ball, location: 2F 1-1: Ball 2-1: Swinging Strike 2-2: Ball 3-2: Strikes out looking
|
|
Batting: RHB Ching-hsia Zhang
|
0-0: Ball 1-0: Ball 2-0: Ball 3-0: Base on Balls
|
|
Batting: RHB Egidius Kruger
|
0-0: Called Strike Ching-hsia Zhang is caught stealing 2nd base 2-4
|
| Top of the 6th over - 0 runs, 0 hits, 0 errors, 0 left on base; Everett 5 - Mahoning Valley 1 |
| BOTTOM OF THE 6TH |
|
Mahoning Valley Scrappers batting - Pitching for Everett AquaSox : RHP Jose Acevedo
|
|
Batting: RHB Kevin Wiles
|
0-0: Ball 1-0: Ball 2-0: Fly out, F9 (Flyball, 9, EV 92.5 MPH)
|
|
Batting: RHB Harris Leroux
|
0-0: Ball 1-0: Ball 2-0: Called Strike 2-1: Fly out, F9 (Flyball, 9D, EV 98.1 MPH)
|
|
Batting: RHB Jose Argueta
|
0-0: Ball 1-0: Ball 2-0: Foul Ball, location: 2F 2-1: Called Strike 2-2: SOLO HOME RUN (Flyball, 7D, EV 108.8 MPH), Distance : 409 ft
|
|
Batting: LHB Brandon Hopper
|
0-0: Swinging Strike 0-1: Swinging Strike 0-2: Ball 1-2: Fly out, F9 (Flyball, 9, EV 72.5 MPH)
|
| Bottom of the 6th over - 1 run, 1 hit, 0 errors, 0 left on base; Everett 5 - Mahoning Valley 2 |
| TOP OF THE 7TH |
|
Everett AquaSox batting - Pitching for Mahoning Valley Scrappers : LHP Oscar Moreno
|
|
Batting: RHB Egidius Kruger
|
0-0: Called Strike 0-1: Ball 1-1: Foul Ball, location: 2F 1-2: Foul Ball, location: 2F 1-2: Ball 2-2: Foul Ball, location: 2F 2-2: Ball 3-2: Base on Balls
|
|
Batting: RHB Tomokazu Sugimoto
|
0-0: Ball Egidius Kruger is caught stealing 2nd base 2-4 1-0: Ball 2-0: Called Strike 2-1: Fly out, F8 (Flyball, 78D, EV 90.6 MPH)
|
|
Batting: RHB John Vasquez
|
0-0: TRIPLE (Groundball, 3L, EV 100.0 MPH)
|
|
Batting: RHB Antonio Oyola
|
0-0: Called Strike 0-1: Ball 1-1: Swinging Strike 1-2: Strikes out looking
|
| Top of the 7th over - 0 runs, 1 hit, 0 errors, 1 left on base; Everett 5 - Mahoning Valley 2 |
| BOTTOM OF THE 7TH |
|
Mahoning Valley Scrappers batting - Pitching for Everett AquaSox : RHP Jose Acevedo
|
|
Batting: LHB Rich Walker
|
0-0: Called Strike 0-1: Ball 1-1: Foul Ball, location: 2F 1-2: Strikes out swinging
|
|
Pinch Hitting: SHB Travis Burnett
|
0-0: Ball 1-0: Called Strike 1-1: Called Strike 1-2: Foul Ball, location: 2F 1-2: Foul Ball, location: 2F 1-2: Ball 2-2: Foul Ball, location: 2F 2-2: Ball 3-2: Ground out 6-3 (Groundball, 6, EV 103.8 MPH)
|
|
Batting: RHB Andy Lewis
|
0-0: Ball 1-0: Ground out 3-1 (Groundball, 34, EV 86.9 MPH)
|
| Bottom of the 7th over - 0 runs, 0 hits, 0 errors, 0 left on base; Everett 5 - Mahoning Valley 2 |
| TOP OF THE 8TH |
|
Everett AquaSox batting - Pitching for Mahoning Valley Scrappers : LHP Oscar Moreno
|
|
Now in CF: Jonathan Livingston
|
|
|
Batting: RHB Ivan Davila
|
0-0: Ball 1-0: Called Strike 1-1: Ball 2-1: Ball 3-1: Base on Balls
|
|
Pitching: RHP Brandon Tuckson
|
|
|
Batting: RHB Bryan Alfaro
|
0-0: Called Strike 0-1: Ball 1-1: Foul Ball, location: 2F 1-2: Ball 2-2: Ball 3-2: Base on Balls Ivan Davila to second
|
|
Batting: SHB Raghnall Ahearne
|
0-0: Sac Bunt to 13 - play at first, batter OUT! 1-3 Ivan Davila to third Bryan Alfaro to second
|
|
Batting: RHB Sal Cervantes
|
0-0: Ground out 5-3 (Groundball, 56S, EV 89.4 MPH) Ivan Davila scores
|
|
Batting: RHB Ching-hsia Zhang
|
0-0: Ball 1-0: Fly out, F7 (Flyball, 78M, EV 95.6 MPH)
|
| Top of the 8th over - 1 run, 0 hits, 0 errors, 1 left on base; Everett 6 - Mahoning Valley 2 |
| BOTTOM OF THE 8TH |
|
Mahoning Valley Scrappers batting - Pitching for Everett AquaSox : RHP Jose Acevedo
|
|
Pitching: RHP Aaron Black
|
|
|
Batting: LHB Dave Key
|
0-0: Ball 1-0: Swinging Strike 1-1: Called Strike 1-2: Ground out 4-3 (Groundball, 4, EV 102.5 MPH)
|
|
Batting: LHB Matt Steinke
|
0-0: Ground out 4-3 (Groundball, 4, EV 85.6 MPH)
|
|
Batting: RHB Kevin Wiles
|
0-0: Called Strike 0-1: Foul Ball, location: 2F 0-2: Ball 1-2: Foul Ball, location: 2F 1-2: Ball 2-2: Foul Ball, location: 2F 2-2: SINGLE (Groundball, 23, EV 66.9 MPH) (infield hit)
|
|
Batting: RHB Harris Leroux
|
0-0: Ball 1-0: Called Strike 1-1: Fielders Choice at 2nd, 6-4 (Groundball, 6, EV 85.0 MPH)
|
| Bottom of the 8th over - 0 runs, 1 hit, 0 errors, 1 left on base; Everett 6 - Mahoning Valley 2 |
| TOP OF THE 9TH |
|
Everett AquaSox batting - Pitching for Mahoning Valley Scrappers : RHP Brandon Tuckson
|
|
Pitching: LHP Micah Watson
|
|
|
Batting: RHB Egidius Kruger
|
0-0: Ball 1-0: Ball 2-0: Called Strike 2-1: Foul Ball, location: 2F 2-2: Foul Ball, location: 2F 2-2: Strikes out swinging
|
|
Batting: RHB Tomokazu Sugimoto
|
0-0: Ball 1-0: Called Strike 1-1: Fly out, F7 (Flyball, 78D, EV 105.0 MPH)
|
|
Batting: RHB John Vasquez
|
0-0: Ball 1-0: Called Strike 1-1: Swinging Strike 1-2: Ball 2-2: Strikes out swinging
|
| Top of the 9th over - 0 runs, 0 hits, 0 errors, 0 left on base; Everett 6 - Mahoning Valley 2 |
| BOTTOM OF THE 9TH |
|
Mahoning Valley Scrappers batting - Pitching for Everett AquaSox : RHP Aaron Black
|
|
Batting: RHB Jose Argueta
|
0-0: Ball 1-0: SINGLE (Groundball, 6MD, EV 102.5 MPH)
|
|
Batting: LHB Brandon Hopper
|
0-0: Ball 1-0: Ball 2-0: Called Strike 2-1: Foul Ball, location: 2F 2-2: Ball 3-2: SINGLE (Groundball, 6MS, EV 71.2 MPH) (infield hit) Jose Argueta to second
|
|
Pitching: RHP Luis Pantoja
|
|
|
Batting: LHB Rich Walker
|
0-0: Ball 1-0: Swinging Strike 1-1: Ball 2-1: Ball 3-1: Called Strike 3-2: Base on Balls Jose Argueta to third Brandon Hopper to second
|
|
Pinch Hitting: LHB Zack Berney
|
0-0: Fly out, F7 (Flyball, 78M, EV 81.2 MPH)
|
|
Pinch Hitting: SHB Justin Veatch
|
0-0: Called Strike 0-1: Foul Ball, location: 2F 0-2: Ball Wild Pitch! Jose Argueta scores Brandon Hopper to third Rich Walker to second 1-2: Ball 2-2: Foul Ball, location: 2F 2-2: Ball 3-2: Base on Balls
|
|
Batting: LHB Dave Key
|
0-0: Ball 1-0: Ball 2-0: Ball 3-0: Called Strike 3-1: Base on Balls Brandon Hopper scores Rich Walker to third Justin Veatch to second
|
|
Batting: LHB Matt Steinke
|
0-0: Called Strike 0-1: SINGLE (Line Drive, 7S, EV 102.5 MPH) Rich Walker scores Justin Veatch to third Dave Key to second Runner from 3rd tries for Home, SAFE, throw by LF to home
|
|
Pitching: RHP Eduardo Arlarcon
|
|
|
Batting: RHB Kevin Wiles
|
0-0: Ball 1-0: Called Strike 1-1: Called Strike 1-2: Ball 2-2: Foul Ball, location: 2F 2-2: Ball 3-2: Base on Balls Dave Key to third Matt Steinke to second
|
|
Batting: RHB Harris Leroux
|
0-0: Called Strike 0-1: Ball 1-1: Called Strike 1-2: Strikes out looking
|
|
Batting: RHB Jose Argueta
|
0-0: Ball 1-0: Called Strike 1-1: Foul Ball, location: 2F 1-2: Ball 2-2: Foul Ball, location: 2F 2-2: Foul Ball, location: 2F 2-2: Ball 3-2: Base on Balls Dave Key scores Matt Steinke to third Kevin Wiles to second
|
| Bottom of the 9th over - 5 runs, 3 hits, 0 errors, 3 left on base; Everett 6 - Mahoning Valley 7 |
|